 Dungeon Crawl Stone Soup version 0.28.0-45-g0d030f2227 (console) character file.

Game seed: 303991512437256526

398 Banquo the Magician (level 6, -7/43 HPs)
             Began as a Mummy Hedge Wizard on Apr 20, 2022.
             Killed from afar by a steam dragon (9 damage)
             ... with a ball of steam
             ... on level 6 of the Dungeon.
             The game lasted 00:20:17 (4805 turns).

Banquo the Magician (Mummy Hedge Wizard)            Turns: 4805, Time: 00:20:17

Health: -7/43      AC: 11    Str: 13    XL:     6   Next: 53%
Magic:  11/15      EV: 12    Int: 22    God:
Gold:   133        SH:  0    Dex: 11    Spells: 7/17 levels left

rFire   x . .      SeeInvis .   f - +3 mace (protect)
rCold   + . .      Faith    .   (no shield)
rNeg    + + +      Spirit   .   b - +0 robe
rPois   ∞          Reflect  .   h - +0 helmet
rElec   .          Harm     .   (no cloak)
rCorr   .          Rampage  .   g - +0 pair of gloves
Will    .....                   (no boots)
Stlth   ++........              (no amulet)
HPRegen 0.14/turn               d - ring of flight
MPRegen 0.14/turn               p - +6 ring of intelligence

@: marked, under a protective aura, flying
A: cold resistance 1, negative energy resistance 3, torment resistance 2, heat
vulnerability 1, no potions
a: no special abilities


You were on level 6 of the Dungeon.
You visited 1 branch of the dungeon, and saw 5 of its levels.
You also visited: Ossuary.

You collected 133 gold pieces.

Inventory:

Hand Weapons
 a - a +0 dagger of protection
 f - a +3 mace of protection (weapon)
Missiles
 j - 7 poisoned darts
 l - 3 javelins
Armour
 b - a +0 robe (worn)
 c - a +0 hat
 g - a +0 pair of gloves (worn)
 h - a +0 helmet (worn)
 m - a +0 pair of gloves
Jewellery
 d - a ring of flight (left hand)
 p - a +6 ring of intelligence (right hand)
Scrolls
 e - a scroll of enchant armour {unknown}
 n - a scroll of magic mapping
 q - a scroll of vulnerability


   Skills:
 * Level 1.6 Fighting
 * Level 2.2 Dodging
 - Level 1.5 Stealth
 + Level 6.0 Spellcasting
 * Level 2.5 Conjurations
 * Level 2.0 Summonings
 - Level 0.7 Translocations
 * Level 1.3 Air Magic
 * Level 1.3 Poison Magic


You had 7 spell levels left.
You knew the following spells:

 Your Spells              Type           Power      Damage    Failure   Level
a - Magic Dart            Conj           68%        1d6       3%          1
c - Mephitic Cloud        Conj/Pois/Air  14%        N/A       14%         3
i - Call Imp              Summ           15%        N/A       6%          2
p - Poisonous Vapours     Pois/Air       24%        N/A       8%          2
B - Blink                 Tloc           18%        N/A       11%         2

Your spell library contained the following spells:

 Spells                   Type           Power      Damage    Failure   Level
 Sting                    Tmut/Pois      36%        1d4       7%          1
 Slow                     Hex            24%        N/A       9%          1
 Conjure Flame            Conj/Fire      12%        6-21      16%         3
 Olgreb's Toxic Radiance  Pois           12%        N/A       45%         4


Dungeon Overview and Level Annotations

Branches:
Dungeon (4/15)            Ossuary (visited)
 Temple: D:4-7

Altars:
Qazlal
Vehumet
Wu Jian

Shops:
D:3 :


Innate Abilities, Weirdness & Mutations

You are immune to poison.
Your flesh is cold resistant. (rC+)
You are immune to negative energy. (rN+++)
You are immune to unholy pain and torment.
You are vulnerable to heat. (rF-)
You do not drink.


Message History

You barely miss the necrophage.
The necrophage is heavily damaged.
The necrophage barely misses you.
You barely miss the necrophage.
The necrophage is heavily damaged.
The necrophage closely misses you. x2
You hit the necrophage.
Your weapon exudes an aura of protection.
The necrophage is severely damaged.
The necrophage hits you.
* * * LOW HITPOINT WARNING * * *
You closely miss the necrophage.
The necrophage is severely damaged.
The necrophage completely misses you. The necrophage hits you.
* * * LOW HITPOINT WARNING * * *
You barely miss the necrophage.
The necrophage is severely damaged.
The necrophage barely misses you.
You completely miss the necrophage.
The necrophage is severely damaged.
The necrophage hits you.
* * * LOW HITPOINT WARNING * * *
You hit the necrophage.
Your weapon exudes an aura of protection.
The necrophage is almost destroyed.
The scorpion completely misses you. The necrophage barely misses you.
The scorpion misses you. The necrophage hits you.
* * * LOW HITPOINT WARNING * * *
You hit the necrophage.
You destroy the necrophage!
The scorpion barely misses you.
A yak comes into view.
Your Spellcasting skill increases to level 6!
Your Summonings skill increases to level 2!
Unknown command.
The sky beast flickers out of sight!
Deactivating autopickup; reactivate with Ctrl-A.
The steam dragon breathes steam at you. The ball of steam hits you!
The steam scalds you terribly!
You die...

#.# # #.# ### ##
#.# #.. .# #.## #
#{# .##...#
##.#####.# .#.
..> ........D# ..
.... .......§.#
.#...$.
#?.@s#####......#
#.##.YS..Y.# #
##.#.#### #.#.#
#.#.# ..... ....#
#..### ....


You could see 2 yaks, a steam dragon (catching breath), a water moccasin and a
scorpion.

Vanquished Creatures
  A necrophage (D:6)
  A water moccasin skeleton (D:4)
  A hound skeleton (D:2)
  Robin (D:3)
  5 adders
  A worm (D:2)
  3 dart slugs
  3 orcs (D:3)
  8 endoplasms
  2 giant cockroaches (D:4)
  12 goblins
  A hobgoblin (D:4)
  2 jackals (D:2)
  4 quokkas
  3 ball pythons
  10 bats
  A frilled lizard (D:2)
  5 kobolds
  2 rats
66 creatures vanquished.

Vanquished Creatures (collateral kills)
  A black bear (D:4)
  A hound (D:4)
  An orc (D:3)
  A quokka (D:4)
4 creatures vanquished.

Vanquished Creatures (others)
  8 plants (D:3)
8 creatures vanquished.

Grand Total: 78 creatures vanquished

Notes
Turn   | Place    | Note
-------+----------+-------------------------------------------
     0 | D:1      | Banquo the Mummy Hedge Wizard began the quest for the Orb.
     0 | D:1      | Reached XP level 1. HP: 13/13 MP: 5/5
   331 | D:1      | Found a faded altar of an unknown god.
   628 | D:1      | Reached XP level 2. HP: 10/19 MP: 0/7
   813 | D:1      | Learned a level 2 spell: Call Imp
   816 | D:1      | Learned a level 2 spell: Poisonous Vapours
   995 | D:1      | Reached skill level 1 in Conjurations
  1224 | D:2      | Reached skill level 1 in Summonings
  1224 | D:2      | Reached XP level 3. HP: 24/24 MP: 2/9
  1469 | D:2      | Reached skill level 5 in Spellcasting
  1637 | D:2      | Learned a level 2 spell: Blink
  2071 | D:2      | Reached XP level 4. HP: 31/31 MP: 7/11
  2195 | D:3      | Found a stormy altar of Qazlal.
  2248 | D:3      | Found Herau's Book Shoppe.
  2401 | D:3      | Learned a level 3 spell: Mephitic Cloud
  3687 | D:4      | Found a radiant altar of Vehumet.
  3687 | D:4      | Found an ornate altar of the Wu Jian Council.
  3760 | D:4      | Noticed Robin
  3788 | D:3      | Killed Robin
  3941 | D:4      | Reached skill level 1 in Fighting
  3941 | D:4      | Reached XP level 5. HP: 37/37 MP: 9/13
  4314 | D:4      | Noticed a black bear
  4334 | D:4      | Killed a black bear
  4335 | D:4      | Reached skill level 1 in Air Magic
  4335 | D:4      | Reached skill level 1 in Poison Magic
  4335 | D:4      | Reached XP level 6. HP: 30/43 MP: 3/14
  4735 | D:4      | You are sucked into a shaft and drop 2 floors!
  4735 | D:6      | Found a sand-covered staircase.
  4744 | Ossuary  | Entered an ossuary
  4774 | D:6      | Noticed a yak
  4777 | D:6      | Noticed a steam dragon
  4783 | D:6      | Noticed a sky beast
  4783 | D:6      | Noticed a water moccasin
  4784 | D:6      | Noticed a yak
  4803 | D:6      | HP: 2/43 [necrophage (2)]
  4804 | D:6      | Noticed a yak
  4805 | D:6      | Reached skill level 6 in Spellcasting
  4805 | D:6      | Killed from afar by a steam dragon

Illustrated notes

Levels and vault maps discovered:
D:1:      saegor_arrival_under_anarchy, layout_rooms,
          hellmonk_ecumenical_altar_arch_garden
D:2:      layout_rooms
D:3:      layout_basic, mainiacjoe_overflow_concentric_impassable, serial_shops,
          shop_fountains, serial_bayou, serial_bayou_lagoon_a,
          serial_bayou_shore_a, serial_bayou_shore_b, serial_bayou_pond_e,
          serial_bayou_pond_c
D:4:      layout_basic, amethyst_overflow_temple_binary, kennysheep_dice,
          uniq_robin
D:6:      layout_loops_ring, nicolae_dithmenos_the_darkroom,
          minmay_temple_entry_junction, nicolae_ossuary_entry_ruins

Skill      XL: |  1  2  3  4  5  6 |
---------------+-------------------+-----
Conjurations   | 1 2 |  2.5
Summonings     | 1 2 |  2.0
Spellcasting   | 5 6 |  6.0
Fighting       | 1 |  1.6
Dodging        | 2 |  2.2
Air Magic      | 1 |  1.3
Poison Magic   | 1 |  1.3
Stealth        | |  1.5
Translocations | |  0.7

Action                   |  1- 3 |  4- 6 || total
-------------------------+-------+-------++-------
Melee: Dagger            |    21 |    16 ||    37
       Mace              |       |     9 ||     9
 Cast: Magic Dart        |   113 |   112 ||   225
       Poisonous Vapours |       |     9 ||     9
       Call Imp          |       |     4 ||     4
  Use: Scroll            |       |    12 ||    12
Armor: Robe              |     9 |    17 ||    26
Dodge: Dodged            |    21 |    49 ||    70
